 Dungeon Crawl Stone Soup version 0.31-a0-344-gd109795599 (webtiles) character file.

Game seed: 12040986016961148455

55 GordonOverkill the Sneak (level 3, -3/29 HPs)
             Began as a Mummy Delver on July 22, 2023.
             Splashed by a jelly's acid (4 damage)
             ... in a sewer.
             The game lasted 00:03:10 (669 turns).

GordonOverkill the Sneak (Mummy Delver)              Turns: 669, Time: 00:03:11

Health: -3/29      AC:  3    Str: 15    XL:     3   Next: 67%
Magic:  3/3        EV: 11    Int: 11    God:
Gold:   0          SH:  0    Dex: 13    Spells: 2/2 levels left

rFire   x . .        a - +0 short sword
rCold   + . .        (no shield)
rNeg    + + +        b - +0 leather armour
rPois   ∞            (no helmet)
rElec   .            (no cloak)
rCorr   .            (no gloves)
SInv    .            (no boots)
Will    .....        (no amulet)
Stlth   ++           (no ring)
HPRegen 0.24/turn    (no ring)
MPRegen 0.08/turn

%: faith
@: no status effects
A: cold resistance 1, negative energy resistance 3, torment resistance 2, heat
vulnerability 1, in touch with death 1, no potions, faith
a: no special abilities


You were in a sewer.
You visited 1 branch of the dungeon, and saw 2 of its levels.
You also visited: Sewer.

Inventory:

Hand Weapons
 a - a +0 short sword (weapon)
Armour
 b - a +0 leather armour (worn)
Wands
 f - a wand of digging (3)
Scrolls
 c - a scroll of fog
 d - a scroll of noise {unknown}
 e - a scroll of fear


   Skills:
 - Level 3.0 Fighting
 + Level 3.3 Short Blades
 - Level 1.5 Dodging
 - Level 4.1 Stealth


You had 2 spell levels left.
You didn't know any spells.
Your spell library was empty.

Dungeon Overview and Level Annotations

Branches:
Dungeon (6/15)              Sewer (1/1)
 Temple: D:4-7

Altars:


Innate Abilities, Weirdness & Mutations

You are immune to poison.
Your flesh is cold resistant. (rC+)
You are immune to negative energy. (rN+++)
You are immune to unholy pain and torment.
You are vulnerable to heat. (rF-)
You are in touch with the powers of death.
You do not drink.
You have a special connection with the divine. (Faith)


Message History

The ball python misses you. The ball python grabs you.
The ball python constricts you.
You escape the ball python's grasp.
You enter the shallow water.
Moving in this stuff is going to be slow.
The ball python closely misses you. The ball python misses you.
The ball python bites you but does no damage.
The ball python grabs you. The ball python constricts you.
You hit the ball python.
You kill the ball python!
No target in view!
No target in view!
No target in view!
You start resting.
A jelly is nearby!
You hit the jelly.
Your hands burn!
The jelly is lightly wounded.
The jelly hits you but does no damage.
You hit the jelly.
Your hands burn!
The jelly is lightly wounded.
The jelly hits you.
You are splashed with acid!
* * * LOW HITPOINT WARNING * * *
You are too injured to fight recklessly!
You are too injured to fight recklessly!
You are too injured to fight recklessly!
You hit the jelly but do no damage.
Your hands burn!
* * * LOW HITPOINT WARNING * * *
The jelly is lightly wounded.
The jelly hits you but does no damage.
You hit the jelly.
Your hands burn!
* * * LOW HITPOINT WARNING * * *
The jelly is heavily wounded.
The jelly hits you but does no damage.
You hit the jelly but do no damage.
Your hands burn!
* * * LOW HITPOINT WARNING * * *
The jelly is heavily wounded.
The jelly hits you but does no damage.
You completely miss the jelly.
The jelly is heavily wounded.
You hit the jelly.
Your hands burn!
You die...

.~.# #.~. # ~.~ ##.~# #~.#
###~..# ####~~## ##~.~~.#
##...~~~####†~~~~##
####..~..~~~##~~†.###
##~~...~###..~.~~†##..
#.~~.~J##.##~.~..##J~?
#.~.~~##~@#...##~~~.#.~~##
[J..~ #~~##~~..~..~##.~.#
?~~~ #.~.##~~.~~.~~##.~.
~.~~ ##∩~~..~.~~#~~.#...
#~~# ##.~~~#~~.##~~~..#
#.~~# ######~~####.~.##
#~.~.#######~.~# #####
#~...~#~~~~~##
##~.~~~†.~~##


You could see a jelly.

Vanquished Creatures
  3 adders (Sewer)
  A worm (D:6)
  7 endoplasms (Sewer)
  3 giant cockroaches (Sewer)
  4 ball pythons (Sewer)
  4 frilled lizards (Sewer)
  4 rats
26 creatures vanquished.

Notes
Turn   | Place    | Note
-------+----------+-------------------------------------------
     0 | D:5      | GordonOverkill the Mummy Delver began the quest for the
                  | Orb.
     0 | D:5      | Reached XP level 1. HP: 18/18 MP: 1/1
    85 | D:6      | Found a glowing drain.
   160 | Sewer    | Entered a sewer
   201 | Sewer    | Reached XP level 2. HP: 18/24 MP: 2/2
   483 | Sewer    | Gained mutation: You are in touch with the powers of death.
                  | [Mummy growth]
   483 | Sewer    | Reached XP level 3. HP: 29/29 MP: 3/3
   667 | Sewer    | HP: 1/29 [acid (4)]
   669 | Sewer    | Splashed by a jelly's acid

Illustrated notes

Levels and vault maps discovered:
D:5:      layout_loops_ring, nicolae_hepliaklqana_hazy_memory, elyvilon_altar_4,
          nzn_wu_jian_council_hall, minmay_temple_entry_fiery, serial_shops,
          shop, corexii_shack, uniq_crazy_yiuf_cottage, uniq_menkaure,
          uniq_edmund
D:6:      layout_basic, lemuel_crystal_altar, old_standard_altar,
          portal_sewer_entry_a, nicolae_sextant
Sewer:    sewer_hellmonk_slimy_pipes

Skill      XL: |  1  2 |
---------------+-------+-----
Short Blades   | 2 3 |  3.3
Fighting       | |  3.0
Dodging        | |  1.5
Stealth        | |  4.1

Action                     || total
---------------------------++-------
  Melee: Short sword       ||   139
         Punch             ||     3
    Use: Scroll            ||     1
   Stab: Sleeping          ||     1
 Armour: Leather armour    ||    29
  Dodge: Dodged            ||    61

Table legend: (Time is in decaauts)
 A = Elapsed time spent in this place.
 B = Non-inter-level travel time spent in this place.
 C = Inter-level travel time spent in this place.
 D = Time resting spent in this place.
 E = Time spent auto-exploring this place.
 F = Levels seen in this place.
 G = Mean time per level.
                   A        B        C        D        E       F      G
               +--------+--------+--------+--------+--------+-----+--------+
         Total |    695 |    695 |      0 |    165 |      0 |   3 |  231.7 |
       Dungeon |    158 |    158 |      0 |     20 |      0 |   2 |   79.0 |
         Sewer |    536 |    536 |      0 |    145 |      0 |   1 |  536.0 |
               +--------+--------+--------+--------+--------+-----+--------+

Top non-repeatable levels by time:
   Sewer: 536 daAuts
     D:6: 157 daAuts
     D:5: 1 daAuts
